 Dungeon Crawl Stone Soup version 0.31.0-9-g3a7656b989 (webtiles) character file.

Game seed: 638834742205041528

461 qw the Skirmisher (level 6, -1/33 (35) HPs)
             Began as a Deep Elf Hunter on Feb 2, 2024.
             Was an Initiate of Okawaru.
             Slain by a wight
             ... wielding a +1 flail
              (3 damage)
             ... on level 4 of the Dungeon.
             The game lasted 00:00:14 (3137 turns).

qw the Skirmisher (Deep Elf Hunter)                 Turns: 3137, Time: 00:00:14

HP:   -1/33 (35)    AC:  9    Str: 10    XL:     6   Next: 79%
MP:   8/8           EV: 11    Int: 14    God:    Okawaru [......]
Gold: 203           SH:  0    Dex: 16    Spells: 5/5 levels left

rFire   . . .        f - +3 orcbow (flame)
rCold   + . .        (shield currently unavailable)
rNeg    . . .        l - +2 ring mail {rC+}
rPois   .            (no helmet)
rElec   .            (no cloak)
rCorr   .            e - +1 pair of gloves
SInv    .            (no boots)
Will    ++...        (no amulet)
Stlth   +            (no ring)
HPRegen 0.25/turn    (no ring)
MPRegen 0.11/turn

%: no passive effects
@: drained
A: clumsy 1, strong-willed 2
a: Renounce Religion


You were on level 4 of the Dungeon.
You worshipped Okawaru.
Okawaru was noncommittal.
You visited 1 branch of the dungeon, and saw 4 of its levels.

You collected 203 gold pieces.


Innate Abilities, Weirdness & Mutations

You are clumsy. (Dex -2)
You are highly strong-willed. (Will++)


   Skills:
 - Level 2.3 Fighting
 - Level 10.1 Ranged Weapons
 - Level 1.2 Armour
 + Level 2.4 Dodging
 - Level 1.2 Stealth


You had 5 spell levels left.
You didn't know any spells.
Your spell library was empty.

Inventory:

Hand Weapons
 f - a +3 orcbow of flaming (weapon)
Armour
 e - a +1 pair of gloves (worn)
 l - a +2 ring mail of cold resistance (worn)
Jewellery
 b - a ring of flight
 d - an amulet of faith
Scrolls
 c - a scroll of teleportation {unknown}
 g - a scroll of identify {unknown}
 h - 2 scrolls of blinking {unknown}
Potions
 a - a potion of heal wounds
 j - a potion of mutation
 k - a potion of berserk rage {unknown}

Dungeon Overview and Level Annotations

Branches:
Dungeon (4/15)             Temple (0/1) D:4

Altars:
Cheibriados
Okawaru
Qazlal
Trog
Xom

Annotations:
D:3 6 runed translucent doors, Crazy Yiuf; qw's ghost, amateur DEHu


Message History

The wight hits you but does no damage. The wight attacks as it pursues you!
The wight hits you with a +0 war axe.
You feel drained.
You shoot an arrow. The arrow closely misses the wight.
The wight barely misses you.
You shoot an arrow. The arrow hits the wight!
The arrow burns the wight.
The wight is almost destroyed.
The wight hits you from afar with a +0 spear.
The wight hits you but does no damage.
Enter note:
Enter note:
Enter note:
Enter note:
3130 ||| RETREEEEATING.
The wight barely misses you.
You shoot an arrow. The arrow hits the wight!
The arrow burns the wight.
You destroy the wight!
Okawaru accepts your kill. The wight completely misses you.
The wight misses you.
Your Ranged Weapons skill increases to level 10!
You shoot an arrow. The arrow hits the wight!
The arrow burns the wight.
You destroy the wight!
Okawaru accepts your kill. The wight hits you with a +0 spear.
Your life force feels restored.
Your Armour skill increases to level 1!
You shoot an arrow. The arrow closely misses the wight.
The wight hits you but does no damage. The wight barely misses you.
You shoot an arrow. The arrow barely misses the wight.
The wight completely misses you. The wight misses you.
You shoot an arrow.
The arrow hits the wight but does no damage.
The wight barely misses you. The wight hits you with a +1 flail.
You shoot an arrow. The arrow hits the wight!
The arrow burns the wight.
The wight is severely damaged.
The wight barely misses you. The wight hits you with a +1 flail.
You feel drained.
You shoot an arrow. The arrow closely misses the wight.
The wight hits you with a +0 spear.
You feel drained. The wight hits you with a +1 flail.
You die...

###...............##
###.###########..#
#.# ##.## #%. #..#
#### . ##.##
#.########).#
............#
~~~..####...#
......z@z..##
.$##########


You could see 2 wights.

Vanquished Creatures
  3 wights (D:4)
  2 orc priests (D:3)
  Terence (D:2)
  2 orc wizards (D:3)
  6 adders
  A white imp (D:3)
  5 dart slugs
  A ribbon worm (D:4)
  6 orcs
  6 bats
  8 endoplasms
  A giant cockroach (D:3)
  4 goblins
  9 hobgoblins
  13 jackals
  8 kobolds
  5 quokkas
  10 ball pythons
  3 frilled lizards (D:3)
94 creatures vanquished.

Vanquished Creatures (others)
  An orc (D:3)
1 creature vanquished.

Grand Total: 95 creatures vanquished

Notes
Turn   | Place    | Note
-------+----------+-------------------------------------------
     0 | D:1      | qw the Deep Elf Hunter began the quest for the Orb.
     0 | D:1      | Reached XP level 1. HP: 12/12 MP: 3/3
     0 | D:1      | 0 ||| qw: Version: 0.3-a-155-g5e7d8dd
     0 | D:1      | 0 ||| qw: Game counter: 2465
     0 | D:1      | 0 ||| qw: Melee chars always use a shield: true
     0 | D:1      | 0 ||| qw: God list: Okawaru
     0 | D:1      | 0 ||| qw: Allow faded altars: false
     0 | D:1      | 0 ||| qw: Do Orc after clearing Dungeon:15 true
     0 | D:1      | 0 ||| qw: Do second Lair branch before Depths: true
     0 | D:1      | 0 ||| qw: Lair rune preference: random
     0 | D:1      | 0 ||| qw: Goals: Normal
     0 | D:1      | 0 ||| PLANNING D:1-11
   221 | D:1      | Reached XP level 2. HP: 16/16 MP: 4/4
   231 | D:1      | Reached skill level 6 in Ranged Weapons
   287 | D:1      | 287 ||| RETREEEEATING.
   291 | D:1      | 291 ||| RETREEEEATING.
   399 | D:1      | Reached XP level 3. HP: 20/20 MP: 5/5
   884 | D:1      | 884 ||| UPGRADING to +0 pair of gloves.
   889 | D:1      | 889 ||| READING scroll labelled TIMEAS KOEMM.
   889 | D:1      | Identified a scroll of acquirement
   889 | D:1      | 889 ||| ACQUIRING +3 orcbow of flaming
   889 | D:1      | Acquired a +3 orcbow of flaming
   891 | D:1      | 891 ||| SWAPPING to +3 orcbow of flaming.
   892 | D:1      | 892 ||| DROPPING +0 shortbow.
   893 | D:1      | 893 ||| READING scroll labelled FANUBUM TIACRE.
   894 | D:1      | 894 ||| READING scroll labelled DAMI WAOXEBEIH.
   995 | D:1      | 995 ||| DROPPING scroll of butterflies.
  1020 | D:2      | Reached skill level 7 in Ranged Weapons
  1144 | D:2      | Reached XP level 4. HP: 25/25 MP: 6/6
  1235 | D:2      | Noticed Terence
  1241 | D:2      | Killed Terence
  1418 | D:2      | 1418 ||| UPGRADING to +0 ring mail.
  1428 | D:2      | 1428 ||| DROPPING +0 leather armour.
  1429 | D:2      | 1429 ||| UPGRADING to +2 ring mail of cold resistance.
  1439 | D:2      | 1439 ||| DROPPING +0 ring mail.
  1440 | D:2      | 1440 ||| DROPPING amulet of magic regeneration.
  1441 | D:2      | 1441 ||| READING scroll labelled GITOFASSUE.
  1484 | D:2      | 1484 ||| READING scroll labelled HAAXTAVOHI.
  1485 | D:2      | 1485 ||| READING 2 scrolls labelled WYHAGG OK HASI.
  1486 | D:2      | 1486 ||| READING scroll labelled NOEFFI ZAKH.
  1487 | D:2      | 1487 ||| DROPPING scroll of amnesia.
  1489 | D:2      | 1489 ||| Stepping ~*~*~tactically~*~*~ (cloud).
  1493 | D:2      | HP: 6/25 [poisoned by you (poison gas)]
  1603 | D:3      | Reached skill level 8 in Ranged Weapons
  1638 | D:3      | 1638 ||| DRINKING purple potion.
  1639 | D:3      | 1639 ||| DRINKING murky sapphire potion.
  1640 | D:3      | 1640 ||| DRINKING viscous grey potion.
  1642 | D:3      | Reached XP level 5. HP: 29/29 MP: 7/7
  1644 | D:3      | 1644 ||| Stepping randomly (disturbance).
  1645 | D:3      | 1645 ||| Stepping randomly (disturbance).
  1646 | D:3      | 1646 ||| Stepping randomly (disturbance).
  1649 | D:3      | 1649 ||| Stepping randomly (disturbance).
  1650 | D:3      | 1650 ||| Stepping randomly (disturbance).
  1651 | D:3      | 1651 ||| Stepping randomly (disturbance).
  1652 | D:3      | 1652 ||| Stepping randomly (disturbance).
  1654 | D:3      | 1654 ||| Stepping randomly (disturbance).
  1655 | D:3      | 1655 ||| Stepping randomly (disturbance).
  1656 | D:3      | 1656 ||| Stepping randomly (disturbance).
  1657 | D:3      | 1657 ||| Stepping randomly (disturbance).
  1661 | D:3      | Reached skill level 9 in Ranged Weapons
  2063 | D:3      | Found a runed translucent gate.
  2063 | D:3      | Found a runed translucent gate.
  2063 | D:3      | Found a runed translucent gate.
  2064 | D:3      | Noticed qw's ghost (amateur DEHu)
  2077 | D:3      | Found a snail-covered altar of Cheibriados.
  2180 | D:3      | Reached XP level 6. HP: 35/35 MP: 8/8
  2227 | D:3      | Found a faded altar of an unknown god.
  2302 | D:3      | Found a large runed translucent door.
  2303 | D:3      | Found a large runed translucent door.
  2312 | D:3      | Found a shimmering altar of Xom.
  2338 | D:3      | Found a stormy altar of Qazlal.
  2383 | D:3      | Found a runed translucent door.
  2384 | D:3      | Noticed Crazy Yiuf
  2434 | D:3      | Found an iron altar of Okawaru.
  2434 | D:3      | Found a bloodstained altar of Trog.
  2435 | D:3      | 2435 ||| PLANNING OKAWARU WORSHIP
  2435 | D:3      | 2435 ||| READING scroll labelled CIWNEO MICAU.
  2435 | D:3      | 2435 ||| ENCHANTING +0 pair of gloves.
  2436 | D:3      | 2436 ||| READING scroll labelled JOOSYN KUIZ.
  2537 | D:3      | 2537 ||| DRINKING 2 puce potions.
  2537 | D:3      | Gained mutation: You are clumsy. (Dex -2) [potion of
                  | mutation]
  2537 | D:3      | Gained mutation: You are strong-willed. (Will+) [potion of
                  | mutation]
  2537 | D:3      | Gained mutation: You are highly strong-willed. (Will++)
                  | [potion of mutation]
  2541 | D:3      | Became a worshipper of Warmaster Okawaru
  2542 | D:3      | 2542 ||| PLANNING D:1-11
  2989 | D:4      | Found a staircase to the Ecumenical Temple.
  3125 | D:4      | 3125 ||| RETREEEEATING.
  3126 | D:4      | 3126 ||| RETREEEEATING.
  3127 | D:4      | 3127 ||| RETREEEEATING.
  3130 | D:4      | 3130 ||| RETREEEEATING.
  3132 | D:4      | Reached skill level 10 in Ranged Weapons
  3133 | D:4      | Reached skill level 1 in Armour
  3137 | D:4      | HP: 5/34 [wight/+0 spear (6)]
  3137 | D:4      | HP: 2/33 [wight/+0 spear (3)]
  3137 | D:4      | Slain by a wight

Levels and vault maps discovered:
D:1:      psy_arrival_radial01, layout_loops_ring, minmay_octomino_j4
D:2:      layout_rooms, chequers_serial_rivers_room_b, uniq_terence
D:3:      due_chaos_kobolds, layout_basic, gammafunk_temple_overflow_forgotten,
          mainiacjoe_overflow_tiny_flanked,
          dreamdust_ecumenical_altar_hidden_monk_grotto,
          gammafunk_ghost_nasty_kobolds, uniq_crazy_yiuf_cottage
D:4:      layout_rooms, mainiacjoe_overflow_boulevard,
          minmay_temple_entry_statues_pillars

Skill      XL: |  1  2  3  4  5  6 |
---------------+-------------------+-----
Ranged Weapons | 6 7 8 9 10 | 10.1
Fighting       | 2 |  2.3
Armour         | 1 |  1.2
Dodging        | |  2.4
Stealth        | |  1.2

Action                     |  1- 3 |  4- 6 || total
---------------------------+-------+-------++-------
   Fire: Shortbow          |    57 |       ||    57
         Orcbow            |    17 |   132 ||   149
    Use: Scroll            |     3 |     6 ||     9
         Potion            |       |     4 ||     4
 Armour: Leather armour    |    28 |     7 ||    35
         Ring mail         |       |    53 ||    53
  Dodge: Dodged            |    26 |    34 ||    60

Table legend:
 A = Non-vault XP
 B = Vault XP
 C = Vault XP percentage of total XP
 D = Non-vault monster count
 E = Vault monster count
 F = Vault count percentage of total count
                 A         B        C        D         E       F
            +---------+---------+-------+---------+---------+-------
      Total |     617 |      42 |   6.4 |      90 |       4 |   4.3
            +---------+---------+-------+---------+---------+-------
        D:1 |      47 |       6 |  11.3 |      23 |       3 |  11.5
        D:2 |      60 |      36 |  37.5 |      14 |       1 |   6.7
        D:3 |     247 |       0 |   0.0 |      34 |       0 |   0.0
        D:4 |     263 |       0 |   0.0 |      19 |       0 |   0.0
            +---------+---------+-------+---------+---------+-------
